 Dungeon Crawl Stone Soup version 0.26-b1-59-ge38874ec40 (webtiles) character file.

Game seed: 11110398044924153283

633 raceaflais the Covered (level 7, -1/44 HPs)
             Began as a Gargoyle Fighter on Jan 8, 2021.
             Slain by an ogre
             ... wielding a +0 giant spiked club
              (23 damage)
             ... on level 5 of the Dungeon.
             The game lasted 00:07:41 (3507 turns).

raceaflais the Covered (Gargoyle Fighter)           Turns: 3507, Time: 00:07:41

Health: -1/44      AC: 13    Str: 19 (21) XL:     7   Next: 49%
Magic:  7/7        EV:  6    Int:  7 (8)  God:
Gold:   191        SH: 14    Dex:  8 (10) Spells: 6/6 levels left

rFire    . . .     SeeInvis +   r - +5 war axe
rCold    . . .     Faith    .   d - +0 tower shield
rNeg     + . .     Spirit   .   b - +0 scale mail
rPois    ∞         Reflect  .   o - +0 helmet
rElec    +         Harm     .   s - scarf {+Inv}
rCorr    .         Rampage  .   (no gloves)
Will     .....                  (no boots)
Stlth    ..........             (no amulet)
HPRegen  0.14/turn              f - ring of see invisible
MPRegen  0.10/turn              (no ring)

@: no status effects
A: negative energy resistance 1, electricity resistance, unbreathing,
petrification resistance, miasma immunity, AC +4
a: Evoke Invisibility


You were on level 5 of the Dungeon.
You visited 1 branch of the dungeon, and saw 4 of its levels.

You collected 191 gold pieces.

Inventory:

Hand Weapons
 c - a +3 scythe of flaming
 j - a +2 vorpal long sword
 r - a +5 war axe (weapon)
Missiles
 l - 6 boomerangs (quivered)
 q - 11 poisoned darts
Armour
 b - a +0 scale mail (worn)
 d - a +0 tower shield (worn)
 o - a +0 helmet (worn)
 s - a scarf of invisibility (worn)
Jewellery
 f - a ring of see invisible (left hand)
Scrolls
 a - a scroll of remove curse
 i - 2 scrolls of teleportation
 m - a scroll of blinking {unknown}
 p - a scroll of immolation {unknown}
Potions
 n - a potion of attraction


   Skills:
 + Level 4.3 Fighting
 + Level 4.6 Axes
 + Level 1.1 Throwing
 + Level 5.0 Armour
 + Level 1.4 Dodging
 + Level 0.7 Stealth
 + Level 5.0 Shields


You had 6 spell levels left.
You didn't know any spells.
Your spell library contained the following spells:

 Spells                   Type           Power        Failure   Level
 Magic Dart               Conj           0%           100%        1
 Blink                    Tloc           N/A          100%        2
 Call Imp                 Summ           0%           100%        2
 Slow                     Hex            0%           100%        2
 Confusing Touch          Hex            0%           100%        3
 Conjure Flame            Conj/Fire      0%           100%        3
 Gell's Gravitas          Tloc           0%           100%        3
 Mephitic Cloud           Conj/Pois/Air  0%           100%        3
 Petrify                  Tmut/Erth      0%           100%        4
 Metabolic Englaciation   Hex/Ice        0%           100%        5
 Yara's Violent Unravell  Hex/Tmut       0%           100%        5


Dungeon Overview and Level Annotations

Branches:
Dungeon (3/15)

Altars:
The Shining One


Innate Abilities, Weirdness & Mutations

You are resistant to torment.
Your stone body is resilient. (AC +4)
You are immune to poison.
You resist negative energy. (rN+)
You are resistant to electric shocks. (rElec)
You can survive without breathing.
You are immune to petrification.
You are immune to miasma.


Message History

You throw a boomerang. The boomerang hits the ogre.
The ogre is moderately wounded.
The ogre hits you with a +0 giant spiked club!!
Ouch! That really hurt!
You are too injured to fight recklessly!
You are too injured to fight recklessly!
You are too injured to fight recklessly!
You are too injured to fight recklessly!
It was a potion of degeneration.
There was something very wrong with that liquid.
You feel weakened.
You feel dopey.
You feel clumsy. You block the ogre's attack. You block the ogre's attack.
A jelly comes into view.
The jelly quivers.
You barely miss the jelly. You slash the ogre!
The jelly hits you but does no damage.
The ogre hits you with a +0 giant spiked club!!
Ouch! That really hurt!
You die...

####.......# #.#.#.
.............# ##....#
#.#.##.......# #.....#
#<#.##.......# #.....#
#.#.......#### #.....#
#.#..##.##########...##
#..............# ##.##
##.......#####.####.#
#.#.#...##...J@O...#
#.#..†††.#.##.######
#.###.......#.#
#.###.........#
#......#....###
########.#### #...#
#...# #...#


You could see an ogre and a jelly.

Vanquished Creatures
  Grinder (D:3)
  Sigmund (D:3)
  A centaur zombie (D:5)
  2 orc priests (D:3)
  A bullfrog skeleton (D:5)
  2 orc wizards (D:5)
  A worker ant (D:5)
  An adder (D:3)
  An ooze (D:5)
  2 worms
  2 leopard geckos (D:3)
  9 orcs
  A ball python (D:1)
  4 giant cockroaches
  8 goblins
  4 hobgoblins
  8 jackals
  10 kobolds
  A quokka (D:3)
  8 bats
  2 frilled lizards (D:2)
  10 rats
80 creatures vanquished.

Notes
Turn   | Place    | Note
-------+----------+-------------------------------------------
     0 | D:1      | raceaflais the Gargoyle Fighter began the quest for the
                  | Orb.
     0 | D:1      | Reached XP level 1. HP: 14/14 MP: 1/1
   233 | D:1      | Reached XP level 2. HP: 19/19 MP: 2/2
  1131 | D:1      | You fall into a shaft and drop 1 floor!
  1172 | D:2      | Reached XP level 3. HP: 22/23 MP: 3/3
  1261 | D:2      | Found a glowing golden altar of the Shining One.
  2212 | D:3      | Reached XP level 4. HP: 27/28 MP: 4/4
  2234 | D:3      | Noticed Grinder
  2244 | D:3      | Killed Grinder
  2245 | D:3      | Reached XP level 5. HP: 23/33 MP: 5/5
  2245 | D:3      | Reached XP level 6. HP: 26/38 MP: 6/6
  2398 | D:3      | Reached skill level 1 in Dodging
  2534 | D:3      | Noticed Sigmund
  2547 | D:3      | Reached skill level 1 in Throwing
  2547 | D:3      | Killed Sigmund
  2548 | D:3      | Reached XP level 7. HP: 29/43 MP: 7/7
  3297 | D:3      | You fall into a shaft and drop 2 floors!
  3297 | D:5      | Entered Level 5 of the Dungeon
  3395 | D:5      | Reached skill level 5 in Armour
  3439 | D:5      | Reached skill level 5 in Shields
  3507 | D:5      | Slain by an ogre

Illustrated notes

Levels and vault maps discovered:
D:1:      heliophobic_arrival_dark_side_of_the_moon, layout_loops_corners,
          serial_aquarium, aquarium_bridge_square [aquarium_subvault_balcony,
          aquarium_subvault_bridge, aquarium_subvault_bridge,
          aquarium_subvault_window], aquarium_bridge_long_separate
          [aquarium_subvault_bridge, aquarium_subvault_window,
          aquarium_subvault_wall, aquarium_subvault_bridge,
          aquarium_subvault_bridge, aquarium_subvault_bridge],
          aquarium_window_1, aquarium_window_fake, aquarium_window_1,
          aquarium_view_2c, aquarium_view_2b, aquarium_balcony_1a,
          minmay_misc_feat_chi, chequers_serial_rivers_micro_b,
          hangedman_decor_growths, minmay_heptomino_h4
D:2:      minmay_wonky_spiral, layout_loops_corners,
          nicolae_tso_swordbearing_angel
D:3:      layout_rooms, minmay_randomly_rotated_circles, uniq_grinder,
          uniq_sigmund
D:5:      layout_loops_cross, ashenzari_conservatory_becter

Skill      XL: |  1  2  3  4  5  6  7 |
---------------+----------------------+-----
Axes           | 2 3 4 |  4.6
Armour         | 4 5 |  5.0
Shields        | 4 5 |  5.0
Dodging        | 1 |  1.4
Throwing       | 1 |  1.1
Fighting       | 4 |  4.3
Stealth        | |  0.7

Action                   |  1- 3 |  4- 6 |  7- 9 || total
-------------------------+-------+-------+-------++-------
Melee: War axe           |   103 |    43 |    46 ||   192
Throw: Boomerang         |     5 |     5 |     2 ||    12
  Use: Scroll            |     2 |     3 |     4 ||     9
       Potion            |       |     5 |     1 ||     6
 Stab: Invisible         |       |     1 |       ||     1
Armor: Scale mail        |    55 |    24 |    22 ||   101
Dodge: Dodged            |    37 |    14 |    12 ||    63
Block: Kite shield       |    53 |     7 |       ||    60
       Tower shield      |       |    34 |    47 ||    81
